[Event "Titled Tuesday Blitz May 9 Early 2023"]
[White "Gurevich, Dmitry"]
[Black "Aggelis, Nikolaos"]
[WhiteFideId "2000407"]
[BlackFideId "4213220"]
[WhiteElo "2506"]
[BlackElo "2189"]
[Result "1-0"]
[Round "07"]
[TimeControl "180+2"]
[Date "2023.05.09"]
[WhiteClock "0:00:15"]
[BlackClock "0:00:32"]

1. d4 f5 2. Nf3 Nf6 3. Bg5 d5 4. Bxf6 exf6 5. e3 c6 6. c4 Be6 7. cxd5 Bxd5 8. Nc3 Bf7 9. Bd3 g6 10. Qe2 Be7 11. Bc4 O-O 12. Bxf7+ Rxf7 13. O-O Nd7 14. Rac1 Nb6 15. Rfd1 Bf8 16. Qc2 Rd7 17. Qb3+ Kh8 18. Ne2 Qe7 19. Nf4 Re8 20. a4 Qb4 21. Qxb4 Bxb4 22. b3 Kg7 23. h4 Kf7 24. g3 h6 25. Nd3 Ba3 26. Ra1 Bd6 27. a5 Nd5 28. a6 b6 29. Rdc1 Rc7 30. Rc2 Nb4 31. Nxb4 Bxb4 32. Rc4 c5 33. Rac1 Rec8 34. dxc5 Rxc5 35. Nd4 Rxc4 36. Rxc4 Rxc4 37. bxc4 b5 38. Nxb5 Bc5 39. Kf1 Ke7 40. Ke2 Kd7 41. Nd4 Bb4 42. h5 gxh5 43. Nxf5 Kc6 44. Nxh6 Kb6 45. Kd3 Kxa6 46. Ng8 f5 47. Nh6 f4 48. exf4 Bc5 49. f3 Ka5 50. Kc3 Bb4+ 51. Kb3 Bd2 52. Nf5 Kb6 53. Ng7 h4 54. gxh4 Bxf4 55. Ne6 Bh6 56. Ng5 Kc6 57. Ne4 Kd7 58. Kb4 Be3 59. Kb5 Ke6 60. c5 Kf5 61. h5 Kf4 62. h6 Kxf3 63. h7 Bd4 64. c6 Kxe4 65. c7 Kd5 66. c8=Q Kd6 67. h8=Q 1-0


[Site "https://www.chess.com"]

[Event "Titled Tuesday Blitz May 9 Early 2023"]
[White "Ambartsumova, Karina"]
[Black "Redzisz, Michal"]
[WhiteFideId "4166299"]
[BlackFideId "21816107"]
[WhiteElo "2240"]
[BlackElo "2175"]
[Result "1-0"]
[Round "07"]
[TimeControl "180+2"]
[Date "2023.05.09"]
[WhiteClock "0:00:08"]
[BlackClock "0:00:00"]

1. e4 c5 2. Nf3 d6 3. Bb5+ Bd7 4. Bxd7+ Qxd7 5. c3 d5 6. e5 d4 7. O-O Nc6 8. Na3 g6 9. cxd4 cxd4 10. d3 Bg7 11. Re1 Nh6 12. e6 fxe6 13. Bxh6 Bxh6 14. Qe2 O-O 15. Qxe6+ Qxe6 16. Rxe6 Rf6 17. Re4 Rd8 18. Nc2 Rfd6 19. Rae1 Bg7 20. Re6 Rxe6 21. Rxe6 Bf6 22. b4 Kf7 23. Re4 b5 24. g4 e5 25. a3 Ke6 26. Kg2 Kd5 27. g5 Bg7 28. Rh4 Rh8 29. Nd2 Ne7 30. Ne4 Nf5 31. Rh3 Rc8 32. Na1 h5 33. gxh6 Bxh6 34. Nc5 Bf8 35. Rh8 Nd6 36. Nab3 Be7 37. Rh7 Re8 38. Rg7 e4 39. Rxg6 exd3 40. Nxd3 Kc4 41. Nbc5 Ne4 42. Rg4 Bxc5 43. Nxc5 Nxc5 44. bxc5 Kxc5 45. Rg7 Kc4 46. Rxa7 Rd8 47. Rc7+ Kb3 48. Kf1 d3 49. Ke1 d2+ 50. Kd1 Kxa3 51. h4 b4 52. h5 b3 53. Ra7+ Kb4 54. Rb7+ Kc3 55. h6 b2 56. h7 Ra8 57. Rc7+ Kd3 58. Rd7+ Ke4 59. Kc2 Rb8 60. Kb1 Kf3 61. Rxd2 1-0


[Site "https://www.chess.com"]

[Event "Titled Tuesday Blitz May 9 Early 2023"]
[White "electrosaw"]
[Black "Sadykov, Ramil"]
[BlackFideId "24113590"]
[WhiteElo "2445"]
[BlackElo "2245"]
[Result "1-0"]
[Round "07"]
[TimeControl "180+2"]
[Date "2023.05.09"]
[WhiteClock "0:01:06"]
[BlackClock "0:00:00"]

1. e4 c5 2. Nf3 a6 3. d3 b5 4. g3 Nc6 5. Bg2 e5 6. O-O g6 7. c3 Bg7 8. d4 cxd4 9. cxd4 exd4 10. Nbd2 Nge7 11. Nb3 Qb6 12. Bf4 O-O 13. Bd6 Bb7 14. Bc5 Qc7 15. Rc1 Rfe8 16. Nbxd4 Rac8 17. a4 Nxd4 18. Bxd4 Qxc1 19. Qxc1 Rxc1 20. Rxc1 Bxe4 21. Bxg7 Kxg7 22. axb5 axb5 23. Rc7 Rc8 24. Rxc8 Nxc8 25. Nd4 Bxg2 26. Kxg2 Nd6 27. Kf3 Kf6 28. Ke2 Ke5 29. Nc2 Kd5 30. Kd3 Ne4 31. Ne3+ Kc5 32. Kxe4 Kb4 33. Kd3 Kb3 34. Nd1 h5 35. f4 b4 36. Kd2 f6 37. Kc1 g5 38. Ne3 gxf4 39. gxf4 h4 40. h3 d6 41. Kb1 Ka4 42. Kc2 Kb5 43. Kd3 Ka4 44. Kc4 1-0


[Site "https://www.chess.com"]

[Event "Titled Tuesday Blitz May 9 Early 2023"]
[White "Pinto, Daniel"]
[Black "cryptoguru02"]
[WhiteFideId "3303144"]
[WhiteElo "2145"]
[BlackElo "2602"]
[Result "1-0"]
[Round "07"]
[TimeControl "180+2"]
[Date "2023.05.09"]
[WhiteClock "0:00:09"]
[BlackClock "0:00:47"]

1. e4 e5 2. Nf3 Nc6 3. Bb5 g6 4. O-O Bg7 5. Re1 Nge7 6. c3 a6 7. Bf1 O-O 8. d4 exd4 9. cxd4 d5 10. e5 Bg4 11. Be2 Nf5 12. Be3 f6 13. h3 Bxf3 14. Bxf3 fxe5 15. dxe5 Nxe3 16. fxe3 Kh8 17. Nc3 Nxe5 18. Bxd5 c6 19. Bb3 Qxd1 20. Raxd1 Rad8 21. Rxd8 Rxd8 22. Ne4 b6 23. Rc1 c5 24. Ng5 Rd2 25. Rd1 Rxd1+ 26. Bxd1 Nd3 27. b3 b5 28. Ne6 c4 29. bxc4 bxc4 30. Kf1 Be5 31. a4 Kg8 32. Nd4 Bxd4 33. exd4 Kf7 34. Ke2 Ke6 35. Kd2 Nb2 36. Bc2 Kd5 37. Kc3 Nd3 38. Bxd3 cxd3 39. Kxd3 g5 40. g4 h6 41. a5 Kc6 42. Kc4 Kd6 43. d5 Ke5 44. Kc5 Kf4 45. d6 Kg3 46. d7 Kxh3 47. d8=Q Kxg4 48. Qd4+ Kh3 49. Qf6 g4 50. Qxh6+ Kg3 51. Qxa6 Kf3 52. Qg6 g3 53. a6 g2 54. a7 Kf2 55. a8=Q g1=Q 56. Qxg1+ Kxg1 57. Qa2 Kf1 58. Kd4 Ke1 59. Ke3 Kf1 60. Qf2# 1-0


[Site "https://www.chess.com"]

[Event "Titled Tuesday Blitz May 9 Early 2023"]
[White "Berezin, Viktor"]
[Black "Mackster23"]
[WhiteFideId "14107872"]
[WhiteElo "2310"]
[BlackElo "2441"]
[Result "1-0"]
[Round "07"]
[TimeControl "180+2"]
[Date "2023.05.09"]
[WhiteClock "0:00:40"]
[BlackClock "0:00:03"]

1. d4 Nf6 2. Nf3 g6 3. g3 Bg7 4. Bg2 O-O 5. O-O d6 6. a4 a5 7. Nc3 Nc6 8. h3 e5 9. dxe5 dxe5 10. Bg5 Be6 11. Nd2 h6 12. Bxf6 Bxf6 13. Nb3 Qc8 14. Kh2 Bxb3 15. cxb3 Rd8 16. Nd5 Bg7 17. Qc2 Kh7 18. Rac1 Rd6 19. Rfd1 Qd8 20. e3 Rc8 21. h4 h5 22. Qe4 b6 23. Nf6+ Bxf6 24. Rxd6 cxd6 25. Rxc6 Rxc6 26. Qxc6 Be7 27. Bd5 Kg7 28. Qc4 f5 29. Bf7 Qd7 30. Bg8 Bd8 31. Qd5 Qc7 32. Qe6 Qe7 33. Qd5 Qc7 34. Be6 Qe7 35. Qc4 Kf6 36. Bg8 Qc7 37. Qb5 Kg7 38. Bc4 Qe7 39. Kg2 f4 40. exf4 exf4 41. Qd5 fxg3 42. fxg3 Qe5 43. Qg8+ Kf6 44. Qxd8+ Kf5 45. Qg5+ Ke4 46. Qxe5+ Kxe5 47. Bd3 Kf6 48. Kf3 1-0


[Site "https://www.chess.com"]

[Event "Titled Tuesday Blitz May 9 Early 2023"]
[White "Jimenez Almeida, Luis David"]
[Black "brm72"]
[WhiteFideId "22242244"]
[WhiteElo "2245"]
[BlackElo "2582"]
[Result "1/2-1/2"]
[Round "07"]
[TimeControl "180+2"]
[Date "2023.05.09"]
[WhiteClock "0:00:12"]
[BlackClock "0:00:31"]

1. e4 c5 2. Nc3 Nc6 3. g3 d6 4. Bg2 g6 5. Nge2 Bg7 6. O-O e6 7. h3 Nge7 8. d3 O-O 9. Be3 Rb8 10. a4 a6 11. Qd2 b5 12. axb5 axb5 13. Bh6 b4 14. Nd1 d5 15. Bxg7 Kxg7 16. Ne3 Bb7 17. Ng4 Ng8 18. Rae1 h5 19. Ne3 Nd4 20. exd5 Nxe2+ 21. Rxe2 exd5 22. c4 Nf6 23. d4 dxc4 24. dxc5 Bxg2 25. Kxg2 Qc7 26. Qd4 Qc6+ 27. Kh2 Rbc8 28. Rc1 Qxc5 29. Qxc5 Rxc5 30. Rxc4 Rfc8 31. Rec2 Rxc4 32. Rxc4 Rxc4 33. Nxc4 Ne4 34. Kg2 f5 35. Kf3 Kf6 36. Ke3 Ke6 37. g4 hxg4 38. hxg4 Kd5 39. gxf5 gxf5 40. Nb6+ Kc5 41. f3 Nd6 42. Nd7+ Kc4 43. Kf4 Kb3 44. Ke5 Nc4+ 45. Kxf5 Nxb2 46. Ke4 Kc3 47. f4 Nc4 48. f5 Nd6+ 49. Ke5 Nxf5 50. Kxf5 Kd4 51. Nb6 b3 52. Na4 Kc4 53. Ke4 Kb4 54. Nb2 Kc3 55. Na4+ Kb4 56. Nb2 Kc3 57. Na4+ Kb4 1/2-1/2


[Site "https://www.chess.com"]

[Event "Titled Tuesday Blitz May 9 Early 2023"]
[White "Qiao, Cindy"]
[Black "Shaik Sumer Arsh"]
[WhiteFideId "2620243"]
[BlackFideId "45020000"]
[WhiteElo "1777"]
[BlackElo "2350"]
[Result "0-1"]
[Round "07"]
[TimeControl "180+2"]
[Date "2023.05.09"]
[WhiteClock "0:00:13"]
[BlackClock "0:00:15"]

1. d4 Nf6 2. Bf4 d5 3. e3 c5 4. c3 Nc6 5. Nf3 Bg4 6. Nbd2 e6 7. Be2 Bd6 8. Bg3 Bxg3 9. hxg3 Qd6 10. Qa4 O-O 11. dxc5 Qxc5 12. e4 Bxf3 13. Bxf3 Ne5 14. O-O Nxf3+ 15. gxf3 Rfd8 16. Rad1 Qb6 17. Qb3 Qc7 18. Kg2 a5 19. Rh1 a4 20. Qb4 a3 21. b3 b5 22. exd5 Nxd5 23. Qh4 h6 24. c4 Nc3 25. Ne4 Nxd1 26. Nf6+ Kf8 27. Nh7+ Ke8 28. Nf6+ gxf6 29. Qxf6 Qe7 30. Qh8+ Kd7 31. Rxd1+ Kc7 32. Rxd8 Rxd8 33. Qe5+ Qd6 34. Qxb5 f5 35. Qa5+ Kd7 36. Qa7+ Ke8 37. Qg7 Qf8 38. Qg6+ Ke7 39. Qh7+ Kd6 40. Qb7 Qe7 41. Qb6+ Kd7 42. Qa7+ Ke8 43. Qa4+ Kf7 44. b4 Rd4 45. Qb3 f4 46. g4 h5 47. c5 hxg4 48. fxg4 Qg5 49. Kh3 Qh6+ 50. Kg2 Qh4 51. Qf3 Rxb4 52. c6 Rc4 53. c7 Qe7 54. Qd3 Qxc7 55. Qh7+ Ke8 56. Qg8+ Kd7 57. Qf7+ Kd6 58. Qf8+ Kc6 59. Qxa3 Qb7 60. f3 Rc2+ 0-1


[Site "https://www.chess.com"]

[Event "Titled Tuesday Blitz May 9 Early 2023"]
[White "SashaKuzhilniy"]
[Black "Da Silva, Lindolfo Luiz"]
[BlackFideId "2106558"]
[WhiteElo "2579"]
[BlackElo "2429"]
[Result "1-0"]
[Round "07"]
[TimeControl "180+2"]
[Date "2023.05.09"]
[WhiteClock "0:00:39"]
[BlackClock "0:00:00"]

1. b3 Nf6 2. Bb2 g6 3. Nf3 Bg7 4. g3 O-O 5. Bg2 d6 6. d4 Nbd7 7. O-O Re8 8. Qc1 e5 9. dxe5 dxe5 10. Rd1 e4 11. Ne5 Qe7 12. Nxd7 Bxd7 13. c4 Rad8 14. Nc3 c6 15. Qf4 e3 16. f3 Bc8 17. Rxd8 Rxd8 18. Rd1 Ne8 19. Bf1 a6 20. Kg2 h6 21. Rxd8 Qxd8 22. Qxe3 Nf6 23. Qd3 Qe7 24. e4 Qe6 25. Ne2 Nd7 26. Bxg7 Kxg7 27. Qd4+ Kg8 28. Nf4 Qe7 29. Nd3 c5 30. Qd5 Kg7 31. e5 b6 32. Kf2 Nf8 33. f4 Bb7 34. Qd6 Qxd6 35. exd6 Kf6 36. Bh3 Ne6 37. Ne5 g5 38. Nd7+ Kg7 39. Bxe6 fxe6 40. fxg5 hxg5 41. Nxb6 Kf6 42. Na4 Ke5 43. d7 1-0


[Site "https://www.chess.com"]

[Event "Titled Tuesday Blitz May 9 Early 2023"]
[White "Spitzl, Vinzent"]
[Black "Golubev, Mikhail"]
[WhiteFideId "12901253"]
[BlackFideId "14100983"]
[WhiteElo "2225"]
[BlackElo "2374"]
[Result "0-1"]
[Round "07"]
[TimeControl "180+2"]
[Date "2023.05.09"]
[WhiteClock "0:00:02"]
[BlackClock "0:00:04"]

1. e4 c5 2. Nf3 d6 3. d4 cxd4 4. Nxd4 Nf6 5. Nc3 g6 6. Be3 Bg7 7. f3 a6 8. Bc4 Nbd7 9. O-O O-O 10. Qd2 Qc7 11. Bb3 b5 12. Rfd1 Bb7 13. a4 b4 14. Nd5 Nxd5 15. exd5 Nb6 16. Qxb4 Nxd5 17. Bxd5 Bxd5 18. Qd2 Rfc8 19. Rac1 Rab8 20. b3 Qc3 21. Qf2 Bb7 22. Ne2 Qc6 23. c4 e5 24. Nc3 Ba8 25. Rb1 Rb7 26. Nd5 Qe8 27. Nb6 Rc6 28. Rd2 f5 29. f4 exf4 30. Qxf4 Rcxb6 31. Bxb6 Rxb6 32. Qf2 Qc6 33. Rbd1 Qc7 34. Qg3 Be5 35. Qd3 Qc5+ 36. Kh1 a5 37. Qh3 Rb8 38. Qh4 Rf8 39. Qg5 f4 40. Rd5 Bxd5 41. Rxd5 Qe3 42. Rd1 Qe2 43. Rb1 f3 44. gxf3 Qxf3+ 45. Qg2 Qxg2+ 46. Kxg2 Rb8 47. Kf3 Kf7 48. h3 Ke6 49. Ke3 h5 50. Ke4 Rf8 51. b4 Rf4+ 52. Kd3 Rd4+ 53. Ke3 Rxc4 54. b5 Rb4 55. Rg1 Bd4+ 56. Kd3 Bxg1 0-1


[Site "https://www.chess.com"]

[Event "Titled Tuesday Blitz May 9 Early 2023"]
[White "Agibileg, Uurtsaikh"]
[Black "Mika, Tomasz"]
[WhiteFideId "4901606"]
[BlackFideId "1132970"]
[WhiteElo "2353"]
[BlackElo "2179"]
[Result "1-0"]
[Round "07"]
[TimeControl "180+2"]
[Date "2023.05.09"]
[WhiteClock "0:00:23"]
[BlackClock "0:00:02"]

1. d4 d5 2. c4 dxc4 3. g3 Nf6 4. Bg2 e6 5. Nf3 Bb4+ 6. Nc3 O-O 7. O-O c6 8. Qc2 b5 9. Rd1 Bb7 10. Bg5 h6 11. Bxf6 Qxf6 12. Ne5 Qe7 13. a4 a6 14. b3 cxb3 15. Qxb3 Bd6 16. h4 b4 17. Ne4 Bxe5 18. dxe5 Nd7 19. Rxd7 Qxd7 20. Nc5 Qe7 21. Qxb4 a5 22. Qc3 Bc8 23. Ne4 Qb7 24. Rd1 Qb4 25. Qf3 Ba6 26. Qg4 Kh8 27. e3 Qxa4 28. Rd4 Qb3 29. Nd6 Bb5 30. Rf4 Ra7 31. Be4 a4 32. Nxf7+ Rfxf7 33. Qg6 Qd1+ 34. Kh2 Kg8 35. Qh7+ Kf8 36. Qh8+ Ke7 37. Bg6 Rxf4 38. Qe8# 1-0


[Site "https://www.chess.com"]

[Event "Titled Tuesday Blitz May 9 Early 2023"]
[White "Garakov, Mikhael"]
[Black "Lorenzo De La Riva, Lazaro"]
[WhiteFideId "4169034"]
[BlackFideId "2268809"]
[WhiteElo "2347"]
[BlackElo "2294"]
[Result "1-0"]
[Round "07"]
[TimeControl "180+2"]
[Date "2023.05.09"]
[WhiteClock "0:00:05"]
[BlackClock "0:01:41"]

1. e4 c5 2. Nf3 Nc6 3. Bb5 e5 4. c3 Bd6 5. d4 cxd4 6. cxd4 exd4 7. Nxd4 Nge7 8. Nc3 O-O 9. O-O Qc7 10. h3 Ng6 11. Nf5 Bc5 12. Nd5 Qd8 13. a3 a6 14. Ba4 b5 15. Bc2 Bb7 16. b4 Ba7 17. Bb2 Nge5 18. Kh1 f6 19. f4 Nc4 20. Qg4 Rf7 21. Nh6+ Kf8 22. Nxf7 Kxf7 23. Qh5+ Kg8 24. e5 Nxb2 25. Qxh7+ Kf7 26. Qh5+ Ke6 27. exf6 Nd4 28. Qe5+ Kf7 29. Bg6+ Kxg6 30. Qg5+ Kf7 31. Qxg7+ Ke6 32. Ne3 Qf8 33. Qg4+ Kd6 34. f5 Qg8 35. Qf4+ Kc6 36. Rac1+ Kb6 37. Qxd4# 1-0


[Site "https://www.chess.com"]

[Event "Titled Tuesday Blitz May 9 Early 2023"]
[White "Umarov, Sabir"]
[Black "Al-Tarboush, Ward"]
[WhiteFideId "14200538"]
[BlackFideId "7601450"]
[WhiteElo "2398"]
[BlackElo "2265"]
[Result "0-1"]
[Round "07"]
[TimeControl "180+2"]
[Date "2023.05.09"]
[WhiteClock "0:00:00"]
[BlackClock "0:01:29"]

1. e4 e6 2. d4 d5 3. Nd2 c5 4. Ngf3 cxd4 5. Nxd4 Nf6 6. exd5 Qxd5 7. N2f3 Nc6 8. Nxc6 Qxd1+ 9. Kxd1 bxc6 10. Bd3 Bc5 11. Ke2 O-O 12. Be3 Bxe3 13. Kxe3 Nd5+ 14. Kd2 Rd8 15. Ne5 Bb7 16. Rhe1 c5 17. g3 Rac8 18. Ke2 Nb4 19. a3 Nxd3 20. Nxd3 Ba6 21. Rad1 c4 22. Nb4 Bb5 23. Rxd8+ Rxd8 24. c3 e5 25. Rd1 Rxd1 26. Kxd1 f6 27. Kd2 Kf7 28. Ke3 Ke6 29. Nc2 g5 30. Ne1 Bc6 31. Nc2 a5 32. f3 h5 33. Ke2 h4 34. Ne3 f5 35. Kf2 Bb5 36. gxh4 gxh4 37. Ng2 h3 38. Ne3 f4 39. Ng4 Kf5 40. Ke2 e4 41. Nf2 exf3+ 42. Kd2 Bd7 43. Ke1 Ke5 44. Kd2 Kd5 45. Kc1 Kc5 46. Kd2 Bf5 47. a4 Bd7 48. Kc1 Kd5 49. Kd2 Ke5 50. Ke1 Kf6 51. Kd2 Kg5 52. Ne4+ Kh4 53. Nc5 Bc6 54. Ke1 Kg5 55. Ne6+ Kg4 56. Nd4 Bxa4 57. Kf2 Bd1 58. Ne6 Kf5 59. Nd4+ Ke4 60. Nc6 a4 61. Nb4 Be2 62. Na6 a3 63. bxa3 Kd3 0-1


[Site "https://www.chess.com"]

[Event "Titled Tuesday Blitz May 9 Early 2023"]
[White "Erzhanov, Arman"]
[Black "Balint, Vilmos"]
[WhiteFideId "4138821"]
[BlackFideId "718050"]
[WhiteElo "2138"]
[BlackElo "2034"]
[Result "1-0"]
[Round "07"]
[TimeControl "180+2"]
[Date "2023.05.09"]
[WhiteClock "0:01:35"]
[BlackClock "0:00:17"]

1. e4 e6 2. b3 d5 3. Bb2 dxe4 4. Nc3 Nf6 5. Qe2 Bb4 6. Nxe4 Nxe4 7. O-O-O Nf6 8. Nf3 O-O 9. g4 Nc6 10. g5 Nd5 11. h4 Qe7 12. Qe4 f5 13. gxf6 Nxf6 14. Qc4 Ba3 15. Rg1 Bxb2+ 16. Kxb2 Kh8 17. Bd3 e5 18. Rde1 Be6 19. Qb5 e4 20. Ng5 Bd5 21. Qa4 Qb4 22. Qxb4 Nxb4 23. Bf1 h6 24. Nh3 Nh5 25. Bg2 Nf4 26. Nxf4 Rxf4 27. Re2 Rxh4 28. a3 Nc6 29. c4 Bf7 30. Rxe4 Rxe4 31. Bxe4 Re8 32. d3 Ne5 33. Kc3 c6 34. f4 Nd7 35. b4 Nf6 36. Bf5 Be6 37. Bg6 Rd8 38. d4 Bg4 39. Re1 Kg8 40. Re7 Rd7 41. Re5 Bf3 42. a4 h5 43. b5 h4 44. Re3 Bg4 45. a5 Kf8 46. a6 bxa6 47. bxc6 Re7 48. Rd3 h3 49. Rd2 Bf3 50. d5 Bg2 51. d6 Re3+ 52. Kd4 Rf3 53. c7 Rxf4+ 54. Kc5 Nd7+ 55. Kb4 Nb6 56. d7 Rxc4+ 57. Kb3 Nxd7 58. Rxd7 h2 59. Kxc4 h1=Q 60. c8=Q# 1-0


[Site "https://www.chess.com"]

[Event "Titled Tuesday Blitz May 9 Early 2023"]
[White "Fajdetic, Hrvoje"]
[Black "Manukyan, Sargis V."]
[WhiteFideId "14501945"]
[BlackFideId "13303465"]
[WhiteElo "2185"]
[BlackElo "2236"]
[Result "0-1"]
[Round "07"]
[TimeControl "180+2"]
[Date "2023.05.09"]
[WhiteClock "0:00:15"]
[BlackClock "0:00:41"]

1. d4 Nf6 2. Bf4 c5 3. e3 g6 4. c3 Bg7 5. h3 O-O 6. Nf3 b6 7. a4 Bb7 8. a5 bxa5 9. Qa4 cxd4 10. cxd4 Nc6 11. Nc3 Qb6 12. Qb5 Qxb5 13. Bxb5 Nb4 14. O-O-O Rfc8 15. Kb1 Ne4 16. Bxd7 Nxc3+ 17. bxc3 Rxc3 18. Nd2 e5 19. Bxe5 Bxe5 20. dxe5 Rb8 21. e4 Nd3 22. Rhf1 Bd5+ 23. Ka1 Ra3# 0-1


[Site "https://www.chess.com"]

[Event "Titled Tuesday Blitz May 9 Early 2023"]
[White "wqws"]
[Black "Ardila, Oscar Humberto"]
[BlackFideId "4404742"]
[WhiteElo "2541"]
[BlackElo "1918"]
[Result "1-0"]
[Round "07"]
[TimeControl "180+2"]
[Date "2023.05.09"]
[WhiteClock "0:00:33"]
[BlackClock "0:00:33"]

1. e4 e5 2. Nf3 Nf6 3. d4 Nxe4 4. Bd3 d5 5. Nxe5 Nf6 6. O-O Be7 7. c4 c6 8. Nc3 O-O 9. Re1 Be6 10. Bg5 dxc4 11. Bxc4 Bxc4 12. Nxc4 h6 13. Bh4 Re8 14. Ne5 Nbd7 15. Qb3 Nxe5 16. dxe5 Nd5 17. Bxe7 Rxe7 18. Rad1 Rd7 19. Ne4 b6 20. Rd3 Qe7 21. Qd1 Rad8 22. Nd6 Nf4 23. Rd4 Ne6 24. Rd2 Kh8 25. g3 f6 26. f4 fxe5 27. fxe5 Qg5 28. Rf2 Qg6 29. Qf3 Kh7 30. Qxc6 Ng5 31. Qg2 Re7 32. h4 Rxd6 33. hxg5 Rde6 34. gxh6 Rxe5 35. Rxe5 Rxe5 36. hxg7 Qxg7 37. Qh3+ Kg8 38. Qc8+ Kh7 39. Qc2+ Kg8 40. Qc4+ Kh7 41. Rf7 Rg5 42. Rxg7+ Rxg7 43. Kg2 Kh6 44. Qh4+ Kg6 45. Qg4+ Kf6 46. Qxg7+ Kxg7 47. Kf3 Kg6 48. Kf4 Kf6 49. b4 Kg6 50. b5 Kf6 51. a4 Kg6 52. Ke4 Kf6 53. Kd5 Kf5 54. Kc6 Kg4 55. Kb7 Kxg3 56. Kxa7 Kf4 57. Kxb6 Ke5 58. a5 Kd5 59. a6 Kc4 60. a7 Kb4 61. a8=Q Kc4 62. Qf3 1-0


[Site "https://www.chess.com"]

[Event "Titled Tuesday Blitz May 9 Early 2023"]
[White "Goffredo_Fofi"]
[Black "Orzech, Dominik"]
[BlackFideId "1115065"]
[WhiteElo "2539"]
[BlackElo "2260"]
[Result "1-0"]
[Round "07"]
[TimeControl "180+2"]
[Date "2023.05.09"]
[WhiteClock "0:01:32"]
[BlackClock "0:00:00"]

1. d4 Nf6 2. Nf3 c5 3. d5 e6 4. c4 exd5 5. cxd5 d6 6. Nc3 g6 7. h3 Bg7 8. e4 O-O 9. Bd3 b5 10. Bxb5 Nxe4 11. Nxe4 Qa5+ 12. Nfd2 Qxb5 13. Nxd6 Qa6 14. N2c4 Nd7 15. O-O Ne5 16. Nxc8 Raxc8 17. Nxe5 Bxe5 18. Qf3 Rfe8 19. Bf4 Bxb2 20. Rab1 Qxa2 21. d6 Rcd8 22. Rfd1 Bd4 23. Rb7 a5 24. d7 Re2 25. Be3 Bxe3 26. fxe3 Rd2 27. Rc7 1-0


[Site "https://www.chess.com"]

[Event "Titled Tuesday Blitz May 9 Early 2023"]
[White "Alahakoon, Isuru"]
[Black "egorchess95"]
[WhiteFideId "9900993"]
[WhiteElo "1953"]
[BlackElo "2538"]
[Result "0-1"]
[Round "07"]
[TimeControl "180+2"]
[Date "2023.05.09"]
[WhiteClock "0:00:00"]
[BlackClock "0:00:59"]

1. Nf3 d6 2. d4 Nf6 3. Nc3 g6 4. e4 Bg7 5. Bf4 c6 6. Qd2 b5 7. Bd3 O-O 8. O-O-O b4 9. Ne2 Qa5 10. Kb1 Be6 11. Nc1 c5 12. d5 Bd7 13. h4 c4 14. Bxc4 Nxe4 15. Qe3 f5 16. Ng5 Na6 17. Bxa6 Qxa6 18. Nxe4 fxe4 19. h5 Rfc8 20. hxg6 hxg6 21. Bh6 Bf6 22. Bg5 Bg7 23. Bh6 Ba4 24. Bxg7 Bxc2+ 25. Ka1 Kxg7 26. Qh6+ Kf7 27. Qh7+ Ke8 28. Qxg6+ Kd7 29. Qe6+ Kc7 30. Qxe7+ Kb8 31. Rd4 Qb6 32. Ne2 Bd3 0-1


[Site "https://www.chess.com"]

[Event "Titled Tuesday Blitz May 9 Early 2023"]
[White "Matveeva, Olga"]
[Black "Frolyanov, Dmitry"]
[WhiteFideId "24107018"]
[BlackFideId "4151976"]
[WhiteElo "2009"]
[BlackElo "2395"]
[Result "0-1"]
[Round "07"]
[TimeControl "180+2"]
[Date "2023.05.09"]
[WhiteClock "0:00:00"]
[BlackClock "0:00:36"]

1. d4 d5 2. c4 e6 3. Nf3 Nf6 4. g3 dxc4 5. Bg2 Nc6 6. Qa4 Bb4+ 7. Bd2 Nd5 8. Qb5 Bxd2+ 9. Nbxd2 c3 10. bxc3 Nxc3 11. Qd3 Nd5 12. O-O O-O 13. Rfc1 h6 14. e3 a5 15. Rab1 Nde7 16. Qc2 Ra7 17. a3 b6 18. Nc4 Bb7 19. Qa4 Ba8 20. h4 Qd7 21. Qb5 Rd8 22. h5 Qd5 23. Qb2 Qxh5 24. Nfe5 Nxe5 25. Nxe5 Bxg2 26. Kxg2 f6 27. Rh1 Qe8 28. Nf3 Qc6 29. Qb3 Qd5 30. Qb2 Ng6 31. Rbc1 e5 32. Qc2 Ne7 33. e4 Qe6 34. d5 Qf7 35. Nh4 c6 36. dxc6 Rc7 37. Qa4 Rdc8 38. Qb5 Rxc6 39. Rxc6 Rxc6 40. Rd1 Qc4 41. Rd8+ Kh7 42. Qb1 Qc2 43. Qe1 Qb2 44. Qe3 Rc3 45. Qe1 Qxa3 46. Nf5 Nxf5 47. exf5 Qc5 48. Qd1 Qc6+ 49. Kg1 Rc1 0-1


[Site "https://www.chess.com"]

[Event "Titled Tuesday Blitz May 9 Early 2023"]
[White "Yonal, Timur"]
[Black "Yelisieiev, Yevhenii"]
[WhiteFideId "44115725"]
[BlackFideId "14139642"]
[WhiteElo "1966"]
[BlackElo "2403"]
[Result "0-1"]
[Round "07"]
[TimeControl "180+2"]
[Date "2023.05.09"]
[WhiteClock "0:00:00"]
[BlackClock "0:00:03"]

1. e4 d6 2. d4 Nf6 3. Nc3 e5 4. dxe5 dxe5 5. Qxd8+ Kxd8 6. Bc4 Ke8 7. h3 c6 8. Be3 Bb4 9. f3 Nbd7 10. O-O-O b5 11. Bb3 a5 12. a4 Bc5 13. Bxc5 Nxc5 14. axb5 Nxb3+ 15. cxb3 cxb5 16. Nxb5 Ke7 17. Nc7 Rb8 18. Nd5+ Nxd5 19. Rxd5 Be6 20. Rxa5 Rxb3 21. Ne2 Rhb8 22. Rxe5 Rxb2 23. Nc3 Rxg2 24. Rd1 Rbb2 25. Rd3 Rgc2+ 26. Kd1 Kf6 27. Rc5 Kg6 28. f4 Bb3 29. f5+ Kh6 30. Ke1 Rc1+ 31. Nd1 Rxd1+ 32. Rxd1 Bxd1 33. Kxd1 Rh2 34. Rc3 Kg5 0-1


[Site "https://www.chess.com"]

[Event "Titled Tuesday Blitz May 9 Early 2023"]
[White "Baghdasaryan, Vahe"]
[Black "Wimalasuriya, Kasun M."]
[WhiteFideId "13303139"]
[BlackFideId "9906789"]
[WhiteElo "2216"]
[BlackElo "2239"]
[Result "1/2-1/2"]
[Round "07"]
[TimeControl "180+2"]
[Date "2023.05.09"]
[WhiteClock "0:00:03"]
[BlackClock "0:00:28"]

1. e4 c5 2. Nf3 d6 3. d4 cxd4 4. Nxd4 Nf6 5. Nc3 e5 6. Nb3 Be6 7. f3 Be7 8. Be3 O-O 9. Qd2 d5 10. exd5 Nxd5 11. Nxd5 Qxd5 12. Qxd5 Bxd5 13. O-O-O Be6 14. Nc5 Bxc5 15. Bxc5 Rc8 16. Bd6 Nc6 17. Kb1 f6 18. Bd3 Rd8 19. Be4 Rac8 20. c3 Rd7 21. Rd2 Rcd8 22. Rhd1 Kf7 23. g4 g6 24. Kc1 Bxa2 25. Bc5 Rxd2 26. Rxd2 Rxd2 27. Kxd2 Ke6 28. b4 Bd5 29. b5 Na5 30. Bxa7 f5 31. gxf5+ gxf5 32. Bd3 Nc4+ 33. Ke2 e4 34. fxe4 fxe4 35. Bc2 Nd6 36. b6 Kf5 37. Ke3 Bc6 38. Bb3 Nb5 39. c4 Nd6 40. Bb8 Nf7 41. c5 Ne5 42. Bg8 h5 43. Bh7+ Ke6 44. Bxe4 Ng4+ 45. Kd4 Bxe4 46. Kxe4 Kd7 47. Be5 Kc6 48. Bd6 h4 49. h3 Nf2+ 50. Kf3 Nxh3 51. Kg4 Nf2+ 52. Kxh4 Ne4 53. Kg4 Nxd6 54. cxd6 Kxd6 55. Kf4 Kc6 56. Ke4 Kxb6 57. Kd4 Kb5 58. Kc3 Ka4 59. Kb2 Kb4 60. Kc2 b6 61. Kb2 b5 62. Kc2 Kc4 63. Kb2 b4 64. Kc2 b3+ 65. Kb2 Kb4 66. Kb1 Kc3 67. Kc1 b2+ 68. Kb1 Kb3 1/2-1/2


[Site "https://www.chess.com"]

[Event "Titled Tuesday Blitz May 9 Early 2023"]
[White "Vidruska, Renate"]
[Black "Nguyen Hong Nhung"]
[WhiteFideId "11601841"]
[BlackFideId "12412201"]
[WhiteElo "1976"]
[BlackElo "1996"]
[Result "0-1"]
[Round "07"]
[TimeControl "180+2"]
[Date "2023.05.09"]
[WhiteClock "0:00:00"]
[BlackClock "0:00:05"]

1. e4 c5 2. Nf3 e6 3. d4 cxd4 4. Nxd4 Nc6 5. Nc3 Qc7 6. Nxc6 bxc6 7. Bd3 d5 8. O-O Nf6 9. Qf3 Be7 10. Re1 O-O 11. e5 Nd7 12. Bf4 Rd8 13. Re3 d4 14. Bxh7+ Kf8 15. Bg3 dxe3 16. Bg6 exf2+ 17. Kh1 Nf6 18. exf6 Bd6 19. fxg7+ Kxg7 20. Bh4 fxg6 21. Qf6+ Kh7 22. Bxf2 Rf8 23. Qh4+ Kg8 24. Bd4 e5 25. Be3 Qe7 26. Bg5 Qf7 27. h3 e4 28. Be3 Bf5 29. Rf1 Rae8 30. g4 Be7 31. Qe1 Qh7 32. Kg2 Be6 33. Rh1 Rf3 34. Nxe4 Ref8 0-1


[Site "https://www.chess.com"]